 Dungeon Crawl Stone Soup version 0.22-a0-858-g985ef60 (webtiles) character file.

2600 poirepourri the Arsonist (level 9, -12/45 HPs)
             Began as a Deep Elf Fire Elementalist on July 27, 2018.
             Was a Follower of Vehumet.
             Mangled by a yak (17 damage)
             ... on level 8 of the Dungeon.
             The game lasted 00:11:56 (7514 turns).

poirepourri the Arsonist (DEFE)                     Turns: 7514, Time: 00:11:57

Health: -12/45     AC:  9    Str:  5    XL:     9   Next: 33%
Magic:  25/25      EV: 13    Int: 24    God:    Vehumet [*.....]
Gold:   193        SH:  0    Dex: 15    Spells: 9/28 levels left

rFire    . . .     SeeInvis .   u - +6 dagger
rCold    . . .     Gourm    .   (no shield)
rNeg     . . .     Faith    .   a - +0 robe
rPois    .         Spirit   .   (no helmet)
rElec    .         Reflect  .   k - +0 cloak
rCorr    .         Harm     .   s - +2 pair of gloves
MR       .....                  m - +2 pair of boots
Stlth    ++........             (no amulet)
HPRegen  0.15/turn              (no ring)
MPRegen  0.19/turn              (no ring)

@: no status effects
A: no striking features
a: Renounce Religion


You were on level 8 of the Dungeon.
You worshipped Vehumet.
Vehumet was aware of your devotion.
You were full.

You visited 1 branch of the dungeon, and saw 8 of its levels.

You collected 235 gold pieces.
You spent 42 gold pieces at shops.

Inventory:

Hand Weapons
 u - a +6 dagger (weapon)
Armour
 a - a +0 robe (worn)
 k - a +0 cloak (worn)
 m - a +2 pair of boots (worn)
 q - the +1 leather armour "Hawiuq" {rF+ MP+9 Dex+5 Slay-3, unknown}
   (You found it on level 4 of the Dungeon)

   It affects your dexterity (+5).
   It affects your accuracy and damage with ranged weapons and melee attacks
   (-3).
   It protects you from fire.
   It affects your magic capacity (+9).
 s - a +2 pair of gloves (worn)
Wands
 b - a wand of iceblast (8)
 f - a wand of random effects (13)
 p - a wand of clouds (5)
 r - a wand of disintegration (13)
Scrolls
 d - 4 scrolls of remove curse
 t - a scroll of blinking
Potions
 e - a potion of heal wounds
 g - 3 potions of lignification
 h - 3 potions of curing
 i - a potion of resistance
 j - 2 potions of berserk rage
 l - a potion of ambrosia {unknown}
 n - a potion of agility {unknown}
 o - 2 potions of brilliance
Comestibles
 c - 9 rations


   Skills:
 - Level 2.4 Dodging
 - Level 2.4 Stealth
 - Level 10.2 Spellcasting
 + Level 5.5 Conjurations
 - Level 10.3 Fire Magic


You had 9 spell levels left.
You knew the following spells:

 Your Spells              Type           Power        Failure   Level  Hunger
a - Flame Tongue          Conj/Fire      #####        1%          1    None
b - Throw Flame           Conj/Fire      ######       1%          2    None
c - Conjure Flame         Conj/Fire      ######..     1%          3    None
d - Inner Flame           Hex/Fire       #####...     1%          3    None
e - Sticky Flame          Conj/Fire      ######..     1%          4    #......
f - Fireball              Conj/Fire      ######....   5%          5    ####...
g - Shock                 Conj/Air       ####         1%          1    None

Your spell library contained the following spells:

 Spells                   Type           Power        Failure   Level  Hunger
 Spider Form              Tmut/Pois      ##........   16%         3    None
 Blade Hands              Tmut           ##........   82%         5    ####...
 Ice Form                 Ice/Tmut       ##......     45%         4    #......
 Sticks to Snakes         Tmut           ##......     8%          2    None
 Beastly Appendage        Tmut           ##....       5%          1    None


Dungeon Overview and Level Annotations

Branches:
Dungeon (8/15)             Temple (0/1) D:4
   Lair: D:8-11

Altars:
Gozag
Hepliaklqana
Makhleb
Trog
Uskayaw
Vehumet
Xom

Shops:
D:5 !


Message History

Magic restored.
You start waiting.
Done waiting.
(D) Dungeon (T) Temple
Where to? (Enter - D:8, ? - help)
You see here a yak corpse.
There is a stone staircase leading down here.
You climb downwards.
A scorpion comes into view.
The orc shouts!
The yak gores you! The yak closely misses you.
You hear a distant blaring wail to the north.
The yak gores you! x2
* * * LOW HITPOINT WARNING * * *
There is a stone staircase leading up, spattered with blood here.
Unknown command.
The scorpion stings you.
* * * LOW HITPOINT WARNING * * *
The yak gores you but does no damage. The yak gores you!
You die...

.. #. #.. #. ##
#..##. ..
#...#.##.
....)....
........##
.......Y.##.#
......s@Y...#
............#
...........o...
............###
........#####
.......##
#######


You could see 2 yaks, a scorpion and an orc.

Vanquished Creatures
  Pikel (D:6)
  Sigmund (D:2)
  2 yaks (D:7)
  A slave (D:6)
  An orc warrior (D:7)
  2 black bears (D:6)
  A sky beast (D:7)
  3 ogres
  2 phantoms
  A centaur (D:6)
  A bullfrog (D:7)
  2 crimson imps
  3 jellies
  A hound (D:5)
  An orc priest (D:3)
  3 orc wizards
  5 iguanas
  3 worker ants
  A killer bee zombie (D:5)
  A hound skeleton (D:7)
  8 gnolls
  6 adders
  2 shadow imps (D:6)
  An ooze (D:1)
  A worm (D:2)
  2 dart slugs
  3 leopard geckos
  16 orcs
  3 bats
  5 giant cockroaches
  3 goblins
  6 hobgoblins
  6 jackals
  2 quokkas
  3 frilled lizards
  4 kobolds
  9 rats
116 creatures vanquished.

Notes
Turn   | Place    | Note
-------+----------+-------------------------------------------
     0 | D:1      | poirepourri the Deep Elf Fire Elementalist began the quest for the Orb.
     0 | D:1      | Reached XP level 1. HP: 10/10 MP: 6/6
   164 | D:1      | Reached XP level 2. HP: 10/15 MP: 3/9
   380 | D:1      | Learned a level 2 spell: Throw Flame
  1110 | D:2      | Reached skill level 5 in Spellcasting
  1110 | D:2      | Reached XP level 3. HP: 19/19 MP: 1/11
  1290 | D:2      | Noticed Sigmund
  1306 | D:2      | Killed Sigmund
  1306 | D:2      | Reached XP level 4. HP: 23/24 MP: 0/15
  1306 | D:2      | Reached XP level 5. HP: 27/28 MP: 0/17
  1424 | D:2      | Learned a level 3 spell: Conjure Flame
  1428 | D:2      | Learned a level 3 spell: Inner Flame
  1433 | D:2      | Learned a level 4 spell: Sticky Flame
  1439 | D:2      | Learned a level 5 spell: Fireball
  1688 | D:3      | Found a burning altar of Makhleb.
  1793 | D:3      | Found a faded altar of an unknown god.
  2422 | D:3      | Found a hide-covered altar of Uskayaw.
  2674 | D:3      | Reached XP level 6. HP: 32/32 MP: 10/19
  2711 | D:3      | Found a radiant altar of Vehumet.
  2776 | D:3      | Became a worshipper of Vehumet
  2902 | D:4      | Found a shimmering altar of Xom.
  3070 | D:4      | Found a staircase to the Ecumenical Temple.
  3264 | D:4      | Got a slimy leather armour
  3407 | D:5      | Entered Level 5 of the Dungeon
  3504 | D:5      | Found a hazy altar of Hepliaklqana.
  3829 | D:5      | Found Rerev's Distillery.
  3840 | D:5      | Bought a potion of curing for 42 gold pieces
  4028 | D:5      | Noticed a yak
  4035 | D:5      | Noticed a yak
  4036 | D:5      | Noticed a yak
  4383 | D:6      | Reached skill level 10 in Spellcasting
  4383 | D:6      | Reached XP level 7. HP: 30/36 MP: 11/22
  4898 | D:6      | Reached skill level 5 in Fire Magic
  5111 | D:6      | Found a bloodstained altar of Trog.
  5194 | D:6      | Reached XP level 8. HP: 35/41 MP: 5/24
  5721 | D:6      | Noticed Pikel
  5729 | D:6      | Killed Pikel
  5939 | D:6      | Reached * piety under Vehumet
  5939 | D:6      | Offered knowledge of Shock by Vehumet.
  5943 | D:6      | Learned a level 1 spell: Shock
  6268 | D:7      | Reached skill level 10 in Fire Magic
  6555 | D:7      | Found an opulent altar of Gozag.
  6652 | D:7      | Reached XP level 9. HP: 37/45 MP: 13/25
  7305 | D:7      | Reached skill level 5 in Conjurations
  7514 | D:8      | Mangled by a yak

Vault maps used:
D:1:      ebering_trefoil_3fold
D:2:      uniq_sigmund
D:3:      grunt_temple_overflow_lords_of_destruction,
          eat_drink_and_be_merry_uskayaw, first_ration,
          chequers_ecumenical_altar_simple
D:4:      xom_butterflies, minmay_temple_entry_trees, serial_forest,
          infiniplex_forest_lined_3_way, infiniplex_forest_clump_double,
          infiniplex_forest_corner_1, infiniplex_forest_clump_curved,
          infiniplex_forest_straight_2
D:5:      old_standard_altar, serial_shops, shop_fountains
D:6:      trog_ov_bears_minmay, uniq_pikel
D:7:      grunt_gozag_statues
D:8:      uniq_erica

Skill      XL: |  1  2  3  4  5  6  7  8  9 |
---------------+----------------------------+-----
Spellcasting   | 4 5 7 8 10 | 10.2
Fire Magic     | 6 10 | 10.3
Conjurations   | 5 |  5.5
Dodging        | |  2.4
Stealth        | |  2.4

Action                   |  1- 3 |  4- 6 |  7- 9 || total
-------------------------+-------+-------+-------++-------
Melee: Unarmed           |     2 |     3 |       ||     5
       Dagger            |       |       |    11 ||    11
 Cast: Flame Tongue      |    32 |    53 |    43 ||   128
       Throw Flame       |    17 |    59 |    77 ||   153
       Conjure Flame     |       |     5 |     5 ||    10
       Sticky Flame      |       |       |    14 ||    14
       Shock             |       |       |     9 ||     9
       Fireball          |       |       |     7 ||     7
Evoke: Wand              |       |       |     1 ||     1
  Use: Scroll            |     8 |     5 |     4 ||    17
       Potion            |     1 |       |     5 ||     6
 Stab: Sleeping          |       |       |     2 ||     2
  Eat: Ration            |     1 |     2 |     4 ||     7
       Chunk             |       |     2 |       ||     2
Armor: Robe              |       |     3 |    25 ||    28
Dodge: Dodged            |     6 |    13 |    45 ||    64

Table legend:
 A = Spawn XP
 B = Non-spawn XP
 C = Spawn XP percentage of total XP
 D = Spawn monster count
 E = Non-spawn monster count
 F = Spawn count percentage of total count
 G = Total turns spent on level
                    A         B        C        D         E        F      G
               +---------+---------+-------+---------+---------+-------+---------
         Total |       0 |    3715 |   0.0 |       0 |     115 |   0.0 |  7514
               +---------+---------+-------+---------+---------+-------+---------
           D:1 |       0 |      30 |   0.0 |       0 |      15 |   0.0 |   780
           D:2 |       0 |     277 |   0.0 |       0 |      18 |   0.0 |   903
           D:3 |       0 |      90 |   0.0 |       0 |      15 |   0.0 |  1123
           D:4 |       0 |      36 |   0.0 |       0 |       1 |   0.0 |   645
           D:5 |       0 |     228 |   0.0 |       0 |      13 |   0.0 |   939
           D:6 |       0 |    1582 |   0.0 |       0 |      25 |   0.0 |  2019
           D:7 |       0 |    1472 |   0.0 |       0 |      28 |   0.0 |  1101
               +---------+---------+-------+---------+---------+-------+---------
